AoeStats
← Magnus1497

Hideout

509820271Analyzed
1v1 RM · 3d ago on Sep 28, 2026· 56m 44s· 2 players
Game mode
Random Map
Map size
Tiny (2 player)
Population
200
Speed
Normal
Resources
Standard
Victory
Conquest
Starting age
Dark Age
Ending age
Imperial Age
RankedLock teamsTeams togetherTeam positionsShared explorationLock speedFull tech treeHidden civsTurbo modeCheats
Victory
Defeat
🇹🇷 Malians · Türkiye
377
+18
🇲🇽 Persians · Mexico
431
-18
kızılelma
1:13 Loom
12:29 Feudal Age
13:29 Horse Collar
13:38 Double-Bit Axe
15:59 Wheelbarrow
17:08 Town Watch
19:09 Gold Mining
23:29 Stone Mining
25:49 Castle Age
26:48 Hand Cart
27:40 Town Patrol
27:50 Husbandry
29:03 Pikeman
29:43 Squires
29:29 Arson
31:07 Elite Skirmisher
35:05 Bow Saw
36:30 Stone Shaft Mining
38:52 Heavy Plow
41:59 Imperial Age
43:18 Ballistics
43:59 Chemistry
43:10 Masonry
43:15 Scale Mail Armor
43:26 Forging
43:17 Padded Archer Armor
45:16 Elite Gbeto
45:54 Cavalier
Magnus1497
10:08 Feudal Age
10:35 Double-Bit Axe
13:42 Horse Collar
14:27 Forging
15:26 Gold Mining
20:30 Loom
22:49 Castle Age
23:16 Bloodlines
23:00 Arson
23:17 Squires
23:02 Gambesons
23:50 Bow Saw
25:06 Iron Casting
24:37 Scale Barding Armor
24:23 Fletching
24:34 Padded Archer Armor
24:35 Scale Mail Armor
24:45 Husbandry
26:09 Squires
31:15 Stone Mining
32:01 Gold Shaft Mining
32:10 Gold Shaft Mining
32:44 Thumb Ring
34:19 Chain Mail Armor
34:25 Chain Barding Armor
39:43 Imperial Age
37:40 Light Cavalry
39:12 Heavy Plow
40:24 Stone Shaft Mining
40:00 Heavy Camel Rider
44:05 Parthian Tactics
46:20 Bodkin Arrow
46:40 Leather Archer Armor
46:31 Man-at-Arms
49:15 Wheelbarrow
48:28 Long Swordsman
52:13 Hoardings
54:26 Plate Barding Armor
54:23 Ring Archer Armor
54:24 Plate Mail Armor
55:00 Blast Furnace
Connection lost

Rejoining the realm…

Still unreachable

The connection could not be restored.

Session expired

The server has moved on; the page needs a fresh start.